 Dungeon Crawl Stone Soup version 0.25.1-2-g60ff931df9 (webtiles) character file.

Game seed: 13617733395143714796

462 Curus the Ruffian (level 6, -8/70 HPs)
             Began as a Demonspawn Berserker on Oct 30, 2020.
             Was a Priest of Trog.
             Mangled by a freezing wraith (9 damage)
             ... on level 1 of the Abyss.
             The game lasted 00:11:03 (4697 turns).

Curus the Ruffian (Demonspawn Berserker)            Turns: 4697, Time: 00:11:03

Health: -8/70      AC:  8    Str: 14 (17) XL:     6   Next: 79%
Magic:  6/6        EV:  6    Int:  7 (8)  God:    Trog [***...]
Gold:   144        SH:  3    Dex: 15      Spells: 5/5 levels left

rFire    + . .     SeeInvis .     - Unarmed
rCold    + . .     Gourm    .   i - +0 buckler
rNeg     . . .     Faith    .   o - +0 chain mail {rF+}
rPois    .         Spirit   .   (helmet restricted)
rElec    .         Reflect  .   (no cloak)
rCorr    .         Harm     .   (no gloves)
MR       .....                  (no boots)
Stlth    ..........             (no amulet)
HPRegen  0.21/turn              (no ring)
MPRegen  0.10/turn              (no ring)

@: berserking, slowed
A: claws 1, horns 1, cold resistance 1, deterioration 1, subdued magic 1
a: Berserk, Trog's Hand, Renounce Religion


You were on level 1 of the Abyss.
You worshipped Trog.
Trog was most pleased with you.
You were hungry.

You visited 1 branch of the dungeon, and saw 4 of its levels.
You visited the Abyss 1 time.

You collected 144 gold pieces.

Inventory:

Hand Weapons
 a - a +1 spear
Armour
 b - a +0 animal skin
 d - a +1 helmet
 e - a +0 chain mail
 i - a +0 buckler (worn)
 o - a +0 chain mail of fire resistance (worn)
Wands
 h - a wand of iceblast (9)
Scrolls
 j - 2 scrolls of identify
 m - 3 scrolls of remove curse
 n - a scroll of blinking
Potions
 f - a potion of berserk rage
 g - 3 potions of degeneration
 k - a potion of invisibility
Comestibles
 c - 7 rations


   Skills:
 - Level 3.0 Fighting
 - Level 3.2 Polearms
 - Level 1.7 Armour
 - Level 1.7 Dodging
 + Level 6.1 Unarmed Combat


You had 5 spell levels left.
You didn't know any spells.
Your spell library was empty.

Dungeon Overview and Level Annotations

Branches:
Dungeon (4/15)
 Temple: D:4-7

Altars:
Ashenzari
Nemelex Xobeh


Innate Abilities, Weirdness & Mutations

You have sharp fingernails.
Your flesh is cold resistant. (rC+)
You have a pair of small horns on your head.
Your body sometimes deteriorates upon taking damage.
Your spells are a little easier to cast, but a little less powerful.


Message History

Your body deteriorates!
You feel weakened. You block the freezing wraith's attack.
A red film seems to cover your vision as you go berserk!
You feel yourself moving faster!
You feel mighty!
You are feeling hungry.
The freezing wraith hits you!
* * * LOW HITPOINT WARNING * * *
The freezing wraith freezes you! You resist.
* * * LOW HITPOINT WARNING * * *
The freezing wraith hits you but does no damage.
You claw the freezing wraith!
The freezing wraith is moderately damaged.
The freezing wraith hits you but does no damage.
You block the freezing wraith's attack.
You scratch the freezing wraith. You headbutt the freezing wraith!
The freezing wraith is severely damaged.
The freezing wraith hits you.
* * * LOW HITPOINT WARNING * * *
The freezing wraith freezes you! You resist.
You die...

..# ### .##. ..#
.... ..# ..##
#.####
...##.....# .#
#.#..#..# . . ..#
#.#...##... . # #
#.@W.#.#.. ..
##.### #.##.#....
. #...#. #.####
#.#.##
##(..##..#.# #.#
#..# ..### # . #
......#....##..##
#.# ..... . ....
#..#.###......#.
#.# ## #. #...#
.#.. ##


You could see a freezing wraith.

Vanquished Creatures
  Edmund (D:4)
  2 scorpions
  A crimson imp (D:3)
  An orc priest (D:3)
  An orc wizard (D:3)
  8 adders
  A worm (D:1)
  2 dart slugs (D:1)
  4 leopard geckos
  5 orcs
  13 bats
  5 giant cockroaches
  5 goblins
  6 hobgoblins
  9 kobolds
  A quokka (D:4)
  A ball python (D:4)
  5 frilled lizards
  14 rats
85 creatures vanquished.

Notes
Turn   | Place    | Note
-------+----------+-------------------------------------------
     0 | D:1      | Curus the Demonspawn Berserker began the quest for the Orb.
     0 | D:1      | Reached XP level 1. HP: 18/18 MP: 1/1
   181 | D:1      | Gained mutation: You have sharp fingernails. [demonic
                  | ancestry]
   181 | D:1      | Reached XP level 2. HP: 21/24 MP: 2/2
   647 | D:1      | Reached skill level 1 in Unarmed Combat
   924 | D:1      | Found a sparkling altar of Nemelex Xobeh.
  1067 | D:1      | Gained mutation: Your flesh is cold resistant. (rC+)
                  | [demonic ancestry]
  1067 | D:1      | Reached XP level 3. HP: 28/29 MP: 3/3
  1081 | D:1      | Reached ** piety under Trog
  1427 | D:1      | Reached skill level 2 in Unarmed Combat
  1858 | D:2      | Reached XP level 4. HP: 32/35 MP: 4/4
  2115 | D:2      | Reached skill level 3 in Unarmed Combat
  2404 | D:2      | Found a shattered altar of Ashenzari.
  2540 | D:2      | Found a faded altar of an unknown god.
  2606 | D:2      | Gained mutation: Your body sometimes deteriorates upon
                  | taking damage. [potion of mutation]
  2606 | D:2      | Gained mutation: Your spells are a little easier to cast,
                  | but a little less powerful. [potion of mutation]
  2606 | D:2      | Gained mutation: You have a pair of small horns on your
                  | head. [potion of mutation]
  2803 | D:3      | HP: 2/52 [orc priest/divine providence (13)]
  3170 | D:3      | Reached skill level 4 in Unarmed Combat
  3170 | D:3      | Reached XP level 5. HP: 31/41 MP: 5/5
  3843 | D:3      | Reached *** piety under Trog
  3927 | D:3      | Reached skill level 5 in Unarmed Combat
  4007 | D:3      | Reached XP level 6. HP: 47/47 MP: 6/6
  4430 | D:4      | Noticed Edmund
  4450 | D:4      | Killed Edmund
  4450 | D:4      | Reached skill level 6 in Unarmed Combat
  4623 | D:4      | Cast into level 1 of the Abyss (orc)
  4687 | Abyss:1  | Noticed a freezing wraith
  4697 | Abyss:1  | HP: 1/70 [freezing wraith (6)]
  4697 | Abyss:1  | Mangled by a freezing wraith

Illustrated notes

Levels and vault maps discovered:
D:1:      dpeg_arrival_brainrot, layout_basic, nemelex_altar_shiori
D:2:      layout_basic, chequers_ecumenical_altar_twisty,
          evilmike_ruin_ashenzari
D:3:      layout_basic
D:4:      layout_gridville, fedhas_altar_fruit_tree, uniq_eustachio, uniq_edmund
Abyss:1:  base:
D:2

Skill      XL: |  1  2  3  4  5  6 |
---------------+-------------------+-----
Polearms       | 3 |  3.2
Unarmed Combat | 1 2 4 5 6 |  6.1
Fighting       | |  3.0
Armour         | |  1.7
Dodging        | |  1.7

Action                   |  1- 3 |  4- 6 || total
-------------------------+-------+-------++-------
Melee: Spear             |   162 |    65 ||   227
       Unarmed           |       |   115 ||   115
       Headbutt          |       |    21 ||    21
Invok: Berserk           |     1 |     4 ||     5
       Trog's Hand       |       |     1 ||     1
  Use: Scroll            |     2 |     4 ||     6
       Potion            |     3 |     3 ||     6
 Stab: Sleeping          |     1 |       ||     1
  Eat: Chunk             |     4 |    12 ||    16
Armor: Animal skin       |     8 |       ||     8
       Chain mail        |    76 |    84 ||   160
Dodge: Dodged            |    68 |    53 ||   121
Block: Buckler           |       |    10 ||    10
